AoeStats
← Schlenkerla23

Nomad

509863295Analyzed
3v3 RM · 5d ago on Sep 28, 2026· 34m 17s· 6 players
Game mode
Random Map
Map size
210×210
Population
200
Speed
Normal
Resources
Standard
Victory
Conquest
Starting age
Dark Age
Ending age
Imperial Age
RankedLock teamsTeams togetherTeam positionsShared explorationLock speedFull tech treeHidden civsTurbo modeCheats
Victory
Defeat
🇩🇪 Varangians · Germany
1034
+16
🇨🇳 Burgundians · China
1033
+16
🇷🇺 Poles · Russia
1020
+16
🇨🇳 Persians · China
1049
-17
🇨🇳 Varangians · China
1033
-16
🇨🇳 Spanish · China
1007
-15
B O M B E R
13:42 Loom
15:45 Feudal Age
21:16 Castle Age
24:33 Szlachta Privileges
25:12 Husbandry
27:15 Bloodlines
30:06 Scale Barding Armor
30:11 Forging
32:14 Wheelbarrow
31:36 Horse Collar
32:14 Forging
Schlenkerla23
5:20 Loom
15:16 Feudal Age
19:31 Castle Age
17:42 Double-Bit Axe
20:58 Stone Mining
23:29 Bow Saw
24:45 Forging
24:41 Scale Barding Armor
24:47 Bloodlines
28:41 Horse Collar
31:03 Heavy Plow
31:51 Fletching
33:28 Iron Casting
我是小菜鸡
4:50 Loom
9:28 Double-Bit Axe
16:07 Feudal Age
14:47 Fishing Lines
15:24 Gold Mining
18:36 Bow Saw
20:59 Castle Age
19:40 Gold Shaft Mining
20:04 Gillnets
22:19 Castle Age
20:42 Scale Barding Armor
20:48 Forging
22:23 Cavalier
23:25 Chain Barding Armor
24:11 Iron Casting
24:20 Medium Warships
32:03 Husbandry
Enrique
5:57 Loom
13:36 Feudal Age
14:06 Double-Bit Axe
15:42 Bloodlines
15:26 Fishing Lines
17:21 Bloodlines
22:55 Castle Age
21:33 Scale Barding Armor
24:06 Wheelbarrow
24:02 Bow Saw
23:45 Gillnets
24:43 Horse Collar
25:35 Heavy Plow
25:47 Husbandry
25:58 Fletching
29:25 Forging
29:46 Chain Barding Armor
MIG99
3:43 Loom
15:00 Feudal Age
15:26 Double-Bit Axe
18:18 Forging
24:06 Castle Age
22:41 Gold Mining
22:44 Stone Mining
22:53 Horse Collar
24:23 Scale Barding Armor
24:33 Bloodlines
27:16 Heavy Plow
27:58 Stone Shaft Mining
28:43 Husbandry
31:49 Chain Barding Armor
33:11 Iron Casting
33:19 Wheelbarrow
34:26 Padded Archer Armor
3232984158
5:14 Loom
13:55 Feudal Age
15:03 Feudal Age
15:12 Feudal Age
19:27 Castle Age
17:18 Horse Collar
19:23 Double-Bit Axe
20:24 Wheelbarrow
20:49 Medium Warships
21:19 Gold Mining
22:32 Bow Saw
23:03 Padded Archer Armor
22:56 Fletching
26:56 Stone Mining
27:41 Gold Shaft Mining
28:15 Bloodlines
28:11 Husbandry
Connection lost

Rejoining the realm…

Still unreachable

The connection could not be restored.

Session expired

The server has moved on; the page needs a fresh start.